General information
- name: BNet
- type: Ladder team game (AT/RT)
- host: Battle.net
- saver: BEAR_AND
map: Highperch
- players: 6
- length: 103:27
- speed: Fast
- version: 1.21 W3XP
- replay type:

» download(433 KB)
Players
team 1 (loser)

»
WNxGwane- (
purple | 16 APM | 1689 actions | 103:27)
4 Warden
2 Fan of Knives
1 Blink
1 Shadow Strike
» actions
| Assign group hotkey | 41 | |
| Basic commands | 349 | |
| Build / train | 69 | |
| Enter build submenu | 31 | |
| Enter hero's abilities submenu | 4 | |
| Give item / drop item | 1 | |
| Remove unit from queue | 11 | |
| Right click | 533 | |
| Select / deselect | 409 | |
| Select group hotkey | 174 | |
| Use ability | 67 | |
1689 total
» units
| Wisp | 15 | |
| Huntress | 7 | |
| Glaive Thrower | 4 | |
| Chimaera | 11 | |
| Hippogryph | 5 | |
| Archer | 4 | |
46 total
» upgrades
| Corrosive Breath | 2 | |
| Strength of the Wild | 2 | |
4 total
» buildings
| Altar of Elders | 1 | |
| Moon Well | 7 | |
| Hunter's Hall | 1 | |
| Ancient of War | 2 | |
| Tree of Ages | 2 | |
| Tree of Eternity | 1 | |
| Ancient of Wind | 1 | |
| Chimaera Roost | 3 | |
| Ancient Protector | 8 | |
| Tree of Life | 2 | |
| Ancient of Wonders | 1 | |
29 total
» build order
00:09 Altar of Elders
00:19 Moon Well
01:20 Hunter's Hall
01:45 Ancient of War
02:17 Moon Well
03:22 Moon Well
03:34 Ancient of War
06:07 Moon Well
06:21 Tree of Ages
07:13 Moon Well
08:47 Tree of Eternity
09:39 Ancient of Wind
09:45 Moon Well
11:18 Chimaera Roost
11:51 Chimaera Roost
12:01 Chimaera Roost
12:10 Moon Well
16:45 Ancient Protector
16:50 Ancient Protector
18:05 Tree of Life
18:25 Ancient Protector
18:31 Ancient Protector
26:24 Tree of Ages
32:21 Tree of Life
33:33 Ancient Protector
37:36 Ancient Protector
37:49 Ancient Protector
38:52 Ancient Protector
43:36 Ancient of Wonders

»
WNxnamtaR (
teal | 51 APM | 5306 actions | 103:27)
5 Death Knight
3 Death Coil
2 Unholy Aura
3 Lich
2 Frost Nova
1 Frost Armor
» actions
| Assign group hotkey | 21 | |
| Basic commands | 19 | |
| Build / train | 73 | |
| ESC pressed | 6 | |
| Enter build submenu | 50 | |
| Enter hero's abilities submenu | 8 | |
| Give item / drop item | 18 | |
| Right click | 2906 | |
| Select / deselect | 919 | |
| Select group hotkey | 945 | |
| Use ability | 341 | |
5306 total
» units
| Acolyte | 12 | |
| Ghoul | 7 | |
| Crypt Fiend | 12 | |
| Obsidian Statue | 5 | |
| Meatwagon | 1 | |
37 total
» upgrades
| Burrow | 1 | |
| Web | 1 | |
| Destroyer Form | 1 | |
| Creature Attack | 1 | |
4 total
» buildings
| Crypt | 2 | |
| Graveyard | 1 | |
| Ziggurat | 36 | |
| Altar of Darkness | 1 | |
| Tomb of Relics | 2 | |
| Halls of the Dead | 1 | |
| Slaughterhouse | 2 | |
| Sacrificial Pit | 1 | |
| Black Citadel | 1 | |
| Nerubian Tower | 3 | |
| Spirit Tower | 5 | |
| Boneyard | 2 | |
57 total
» build order
00:08 Crypt
00:19 Graveyard
00:39 Ziggurat
00:56 Altar of Darkness
01:37 Ziggurat
02:12 Tomb of Relics
03:25 Crypt
04:15 Halls of the Dead
04:40 Ziggurat
06:50 Slaughterhouse
07:55 Ziggurat
09:50 Ziggurat
10:22 Sacrificial Pit
11:15 Ziggurat
11:17 Ziggurat
12:05 Black Citadel
12:14 Nerubian Tower
14:19 Slaughterhouse
15:20 Spirit Tower
15:33 Ziggurat
17:44 Ziggurat
28:57 Boneyard
28:58 Boneyard
46:13 Ziggurat
46:24 Ziggurat
46:34 Ziggurat
46:37 Ziggurat
46:39 Ziggurat
46:42 Ziggurat
46:46 Ziggurat
46:48 Ziggurat
46:50 Ziggurat
46:52 Ziggurat
46:54 Ziggurat
46:56 Ziggurat
46:57 Ziggurat
46:59 Ziggurat
47:00 Ziggurat
47:03 Ziggurat
47:10 Ziggurat
47:25 Ziggurat
47:27 Ziggurat
47:28 Ziggurat
47:31 Ziggurat
47:32 Ziggurat
47:35 Ziggurat
47:47 Spirit Tower
48:55 Spirit Tower
48:57 Spirit Tower
50:43 Spirit Tower
51:02 Nerubian Tower
55:16 Nerubian Tower
60:13 Tomb of Relics
61:31 Ziggurat
61:37 Ziggurat
61:39 Ziggurat
61:44 Ziggurat
» items
| Rod of Necromancy | 2 | |
| Scroll of Town Portal | 2 | |
| Scroll of Healing | 1 | |
| Dust of Appearance | 1 | |
| Orb of Corruption | 2 | |
8 total

»
WNxPureLuck (
green | 34 APM | 3467 actions | 103:27)
4 Archmage
2 Summon Water Elemental
2 Brilliance Aura
3 Mountain King
2 Storm Bolt
1 Bash
» actions
| Assign group hotkey | 250 | |
| Basic commands | 68 | |
| Build / train | 143 | |
| ESC pressed | 9 | |
| Enter build submenu | 50 | |
| Enter hero's abilities submenu | 9 | |
| Give item / drop item | 1 | |
| Right click | 1122 | |
| Select / deselect | 493 | |
| Select group hotkey | 1171 | |
| Use ability | 151 | |
3467 total
» units
| Peasant | 25 | |
| Footman | 4 | |
| Rifleman | 22 | |
| Mortar Team | 21 | |
| Siege Engine | 3 | |
75 total
» upgrades
| Long Rifles | 1 | |
| Flare | 1 | |
| Lumber Harvesting | 2 | |
| Masonry | 3 | |
| Gunpowder | 3 | |
| Armor | 3 | |
| Fragmentation Shards | 2 | |
| Animal War Training | 1 | |
| Backpack | 1 | |
| Barrage | 1 | |
| Magic Sentry | 1 | |
19 total
» buildings
| Altar of Kings | 1 | |
| Barracks | 1 | |
| Farm | 11 | |
| Blacksmith | 1 | |
| Scout Tower | 48 | |
| Arcane Tower | 2 | |
| Keep | 4 | |
| Lumber Mill | 2 | |
| Workshop | 2 | |
| Arcane Vault | 1 | |
| Guard Tower | 29 | |
| Town Hall | 1 | |
| Castle | 1 | |
| Arcane Sanctum | 1 | |
105 total
» build order
00:04 Altar of Kings
00:27 Barracks
00:32 Farm
00:53 Farm
01:30 Farm
02:00 Blacksmith
03:00 Scout Tower
03:19 Farm
03:38 Arcane Tower
04:29 Farm
06:23 Keep
06:24 Keep
06:56 Lumber Mill
08:00 Farm
08:01 Farm
08:02 Farm
09:11 Workshop
09:30 Arcane Vault
10:23 Scout Tower
10:24 Scout Tower
10:24 Scout Tower
10:28 Scout Tower
10:30 Scout Tower
10:30 Scout Tower
10:50 Guard Tower
10:52 Guard Tower
11:02 Guard Tower
11:18 Guard Tower
11:20 Guard Tower
12:29 Farm
12:31 Farm
12:32 Farm
13:30 Town Hall
15:17 Lumber Mill
16:19 Scout Tower
16:20 Scout Tower
16:21 Scout Tower
16:22 Scout Tower
16:24 Scout Tower
16:24 Scout Tower
17:32 Guard Tower
17:47 Guard Tower
18:17 Guard Tower
18:25 Scout Tower
18:26 Scout Tower
18:27 Scout Tower
18:50 Guard Tower
19:53 Scout Tower
19:54 Scout Tower
19:56 Scout Tower
19:57 Scout Tower
19:58 Scout Tower
19:59 Scout Tower
20:13 Guard Tower
20:54 Guard Tower
20:56 Arcane Tower
23:34 Castle
25:20 Workshop
45:35 Arcane Sanctum
46:45 Scout Tower
46:46 Scout Tower
46:47 Scout Tower
46:49 Scout Tower
46:50 Scout Tower
46:51 Scout Tower
46:52 Scout Tower
46:53 Scout Tower
46:56 Scout Tower
46:56 Scout Tower
47:40 Guard Tower
47:43 Guard Tower
47:46 Guard Tower
48:10 Guard Tower
48:12 Guard Tower
48:22 Guard Tower
48:24 Scout Tower
48:25 Scout Tower
48:26 Scout Tower
48:26 Scout Tower
48:41 Scout Tower
48:43 Guard Tower
48:54 Guard Tower
49:04 Guard Tower
49:12 Guard Tower
49:18 Guard Tower
49:18 Guard Tower
49:26 Scout Tower
49:29 Scout Tower
49:30 Scout Tower
49:31 Scout Tower
49:34 Scout Tower
49:38 Scout Tower
50:00 Guard Tower
50:08 Guard Tower
50:14 Scout Tower
50:23 Guard Tower
50:25 Scout Tower
50:27 Scout Tower
50:43 Guard Tower
50:54 Guard Tower
51:01 Scout Tower
51:03 Scout Tower
51:37 Guard Tower
» items
team 2 (winner)
BEAR_AND (
blue | 62 APM | 6419 actions | 103:27)
8 Warden
3 Shadow Strike
3 Blink
2 Fan of Knives
2 Archmage
1 Blizzard
1 Brilliance Aura
» actions
| Assign group hotkey | 31 | |
| Basic commands | 22 | |
| Build / train | 143 | |
| Enter build submenu | 63 | |
| Enter hero's abilities submenu | 10 | |
| Give item / drop item | 3 | |
| Remove unit from queue | 1 | |
| Right click | 3412 | |
| Select / deselect | 708 | |
| Select group hotkey | 1440 | |
| Use ability | 586 | |
6419 total
» units
| Wisp | 26 | |
| Druid of the Talon | 36 | |
| Dragonhawk Rider | 14 | |
76 total
» upgrades
| Ultravision | 1 | |
| Nature's Blessing | 1 | |
| Strength of the Wild | 3 | |
| Reinforced Hides | 3 | |
| Druid of the Talon Training | 2 | |
| Magic Sentry | 1 | |
| Well Spring | 1 | |
| Masonry | 2 | |
| Mark of the Talon | 1 | |
| Cloud | 1 | |
| Swords | 3 | |
| Armor | 3 | |
| Animal War Training | 1 | |
23 total
» buildings
| Altar of Elders | 1 | |
| Moon Well | 15 | |
| Tree of Ages | 1 | |
| Hunter's Hall | 1 | |
| Tree of Eternity | 1 | |
| Ancient of Wonders | 1 | |
| Tree of Life | 2 | |
| Ancient of Wind | 3 | |
| Guard Tower | 13 | |
| Scout Tower | 55 | |
| Gryphon Aviary | 2 | |
| Castle | 1 | |
| Arcane Vault | 1 | |
| Farm | 16 | |
| Blacksmith | 1 | |
| Barracks | 1 | |
| Lumber Mill | 2 | |
| Arcane Tower | 2 | |
119 total
» build order
00:08 Altar of Elders
00:11 Moon Well
01:35 Moon Well
03:30 Moon Well
04:15 Moon Well
04:18 Moon Well
05:21 Tree of Ages
07:12 Moon Well
07:15 Moon Well
07:32 Hunter's Hall
07:53 Tree of Eternity
09:08 Ancient of Wonders
09:27 Tree of Life
11:03 Ancient of Wind
11:36 Moon Well
11:39 Moon Well
12:09 Tree of Life
12:37 Guard Tower
12:43 Scout Tower
12:43 Scout Tower
12:44 Scout Tower
12:47 Scout Tower
12:48 Scout Tower
12:49 Scout Tower
14:42 Guard Tower
15:26 Gryphon Aviary
16:31 Castle
16:46 Gryphon Aviary
17:11 Arcane Vault
17:14 Farm
17:15 Farm
17:15 Farm
17:17 Farm
17:17 Farm
17:18 Farm
17:20 Farm
17:20 Farm
19:05 Farm
19:06 Farm
19:09 Guard Tower
19:31 Guard Tower
19:49 Blacksmith
19:50 Barracks
20:04 Guard Tower
20:09 Scout Tower
20:09 Scout Tower
20:12 Scout Tower
28:55 Ancient of Wind
29:10 Ancient of Wind
29:29 Scout Tower
29:29 Scout Tower
29:30 Scout Tower
29:31 Scout Tower
29:33 Scout Tower
29:52 Scout Tower
29:53 Scout Tower
29:54 Scout Tower
30:05 Guard Tower
30:08 Lumber Mill
30:33 Farm
30:33 Farm
30:33 Farm
30:35 Farm
30:44 Guard Tower
30:48 Scout Tower
30:49 Scout Tower
30:49 Scout Tower
30:50 Scout Tower
30:51 Scout Tower
30:53 Scout Tower
30:53 Scout Tower
30:56 Guard Tower
30:58 Scout Tower
30:59 Scout Tower
31:00 Scout Tower
31:01 Scout Tower
31:25 Moon Well
31:28 Moon Well
31:34 Moon Well
31:38 Moon Well
31:43 Guard Tower
31:57 Guard Tower
31:59 Guard Tower
32:01 Scout Tower
32:02 Scout Tower
32:03 Scout Tower
32:04 Scout Tower
32:04 Scout Tower
32:50 Moon Well
32:52 Moon Well
33:36 Scout Tower
33:36 Scout Tower
33:37 Scout Tower
33:37 Scout Tower
33:38 Scout Tower
33:40 Scout Tower
33:42 Scout Tower
33:42 Scout Tower
33:45 Scout Tower
34:21 Scout Tower
34:22 Scout Tower
34:23 Scout Tower
34:24 Scout Tower
34:52 Lumber Mill
34:56 Arcane Tower
34:56 Arcane Tower
35:11 Scout Tower
35:12 Scout Tower
35:13 Scout Tower
35:14 Scout Tower
35:57 Scout Tower
35:58 Guard Tower
36:00 Scout Tower
36:01 Scout Tower
36:02 Scout Tower
36:03 Scout Tower
36:25 Guard Tower
» items
| Lesser Clarity Potion | 2 | |
| Healing Salve | 2 | |
| Staff of Teleportation | 1 | |
| Boots of Speed | 1 | |
| Scroll of Town Portal | 2 | |
| Orb of Venom | 1 | |
| Mechanical Critter | 4 | |
| Potion of Healing | 1 | |
14 total
dirtmcwordup (
red | 72 APM | 835 actions | 11:38)
2 Archmage
1 Blizzard
1 Brilliance Aura
» actions
| Assign group hotkey | 3 | |
| Basic commands | 31 | |
| Build / train | 48 | |
| Enter build submenu | 39 | |
| Enter hero's abilities submenu | 2 | |
| Right click | 409 | |
| Select / deselect | 125 | |
| Select group hotkey | 111 | |
| Use ability | 67 | |
835 total
» units
» upgrades
| Masonry | 1 | |
| Lumber Harvesting | 1 | |
2 total
» buildings
| Altar of Kings | 1 | |
| Lumber Mill | 1 | |
| Farm | 2 | |
| Scout Tower | 37 | |
| Arcane Tower | 3 | |
| Guard Tower | 20 | |
| Keep | 1 | |
| Town Hall | 1 | |
| Arcane Sanctum | 1 | |
67 total
» build order
00:07 Altar of Kings
00:10 Lumber Mill
00:16 Farm
00:55 Scout Tower
01:16 Scout Tower
01:24 Arcane Tower
01:33 Farm
01:43 Arcane Tower
01:44 Scout Tower
01:47 Scout Tower
02:11 Guard Tower
02:13 Scout Tower
02:16 Scout Tower
02:28 Guard Tower
02:29 Guard Tower
02:43 Scout Tower
02:44 Guard Tower
03:08 Guard Tower
03:09 Scout Tower
03:14 Scout Tower
03:15 Guard Tower
04:06 Guard Tower
04:13 Scout Tower
04:44 Scout Tower
04:46 Guard Tower
04:49 Guard Tower
04:50 Scout Tower
05:29 Scout Tower
05:54 Guard Tower
05:59 Scout Tower
06:03 Guard Tower
06:06 Scout Tower
06:07 Scout Tower
06:13 Keep
06:15 Arcane Tower
06:16 Scout Tower
06:19 Scout Tower
06:21 Scout Tower
06:28 Guard Tower
06:51 Guard Tower
07:19 Town Hall
07:55 Scout Tower
07:56 Scout Tower
07:58 Scout Tower
08:00 Scout Tower
08:01 Scout Tower
08:01 Scout Tower
08:02 Scout Tower
08:08 Guard Tower
08:16 Scout Tower
08:16 Scout Tower
08:50 Guard Tower
09:02 Scout Tower
09:06 Scout Tower
09:38 Guard Tower
09:56 Scout Tower
10:01 Guard Tower
10:03 Guard Tower
10:05 Scout Tower
10:06 Scout Tower
10:07 Scout Tower
10:08 Scout Tower
10:08 Scout Tower
10:09 Scout Tower
10:13 Guard Tower
10:49 Guard Tower
10:54 Arcane Sanctum
» items
| Boots of Speed | 1 | |
| Staff of Teleportation | 1 | |
2 total
evil_pengoon (
yellow | 53 APM | 5448 actions | 103:27)
9 Blademaster
3 Wind Walk
3 Critical Strike
1 Bladestorm
2 Mirror Image
1 Archmage
1 Blizzard
» actions
| Assign group hotkey | 7 | |
| Basic commands | 51 | |
| Build / train | 58 | |
| Enter build submenu | 74 | |
| Enter hero's abilities submenu | 11 | |
| Give item / drop item | 7 | |
| Right click | 2858 | |
| Select / deselect | 675 | |
| Select group hotkey | 1390 | |
| Use ability | 317 | |
5448 total
» units
» upgrades
| Spiked Barricades | 2 | |
| Ranged Weapons | 3 | |
| Liquid Fire | 1 | |
| Armor | 1 | |
7 total
» buildings
| Altar of Storms | 2 | |
| Orc Burrow | 9 | |
| War Mill | 3 | |
| Voodoo Lounge | 1 | |
| Watch Tower | 56 | |
| Stronghold | 1 | |
| Fortress | 2 | |
| Beastiary | 2 | |
| Scout Tower | 9 | |
| Guard Tower | 2 | |
| Arcane Tower | 1 | |
| Barracks | 1 | |
89 total
» build order
00:07 Altar of Storms
00:13 Orc Burrow
00:52 War Mill
01:25 Orc Burrow
01:39 Voodoo Lounge
02:11 Watch Tower
02:16 Watch Tower
03:04 Watch Tower
04:06 Watch Tower
04:07 Watch Tower
04:09 Watch Tower
04:21 Watch Tower
05:12 Stronghold
06:07 Watch Tower
06:09 Watch Tower
06:22 Orc Burrow
07:15 Watch Tower
07:16 Watch Tower
07:45 Watch Tower
07:47 Watch Tower
07:48 Watch Tower
07:49 Watch Tower
08:34 Watch Tower
08:34 Watch Tower
08:47 Fortress
08:47 Fortress
09:06 Watch Tower
09:28 Watch Tower
09:29 Watch Tower
10:13 Beastiary
10:19 Beastiary
10:28 Orc Burrow
10:59 Watch Tower
16:28 Watch Tower
16:29 Watch Tower
16:29 Watch Tower
16:31 Watch Tower
18:25 Scout Tower
18:26 Scout Tower
18:27 Scout Tower
18:27 Scout Tower
18:28 Scout Tower
18:29 Scout Tower
18:31 Scout Tower
18:32 Scout Tower
18:58 Scout Tower
20:41 Guard Tower
25:24 Watch Tower
25:26 Watch Tower
25:28 Watch Tower
28:56 Watch Tower
28:58 Watch Tower
29:39 Watch Tower
30:23 War Mill
31:47 Watch Tower
31:52 Watch Tower
31:58 Watch Tower
32:20 Watch Tower
32:58 Watch Tower
33:02 Watch Tower
33:07 Watch Tower
33:28 Guard Tower
33:38 Watch Tower
33:50 Watch Tower
34:25 Watch Tower
34:28 Watch Tower
34:33 Watch Tower
34:52 Watch Tower
35:33 Watch Tower
35:34 Watch Tower
35:42 Watch Tower
35:42 Watch Tower
36:30 Watch Tower
36:35 Watch Tower
37:09 Watch Tower
37:16 Watch Tower
37:22 Watch Tower
39:11 Watch Tower
39:19 Watch Tower
39:47 War Mill
40:03 Watch Tower
47:43 Arcane Tower
69:38 Altar of Storms
70:46 Orc Burrow
70:48 Orc Burrow
70:51 Orc Burrow
70:53 Orc Burrow
96:23 Orc Burrow
96:47 Barracks
» items
| Lesser Clarity Potion | 1 | |
| Healing Salve | 1 | |
| Boots of Speed | 1 | |
| Circlet of Nobility | 1 | |
| Periapt of Vitality | 2 | |
| Staff of Teleportation | 1 | |
| Orb of Lightning | 1 | |
| Potion of Healing | 1 | |
| Tiny Great Hall | 1 | |
| Potion of Mana | 1 | |
| Scroll of Town Portal | 1 | |
12 total
Chat log
(11:09 / All) BEAR_AND: hahahah lol
(33:46 / All) BEAR_AND: welcom.....
(36:42 / All) WNxnamtaR: howd u get up there
(36:51 / All) BEAR_AND: hehe ;)
(39:00 / All) WNxnamtaR: there is absoliately nothing we can do
(39:04 / All) WNxnamtaR: this is lame lol
(39:10 / All) BEAR_AND: yes, well
(39:11 / All) BEAR_AND: quit
(39:14 / All) BEAR_AND: you can do that.
(39:30 / All) BEAR_AND: i do this for a living
(39:35 / All) BEAR_AND: $35 a game
(39:43 / All) WNxnamtaR: for a 4 hour game?
(39:44 / All) WNxnamtaR: lol
(39:47 / All) BEAR_AND: depends
(39:47 / All) WNxnamtaR: Terrible deal
(39:52 / All) BEAR_AND: are you going to make it 4.
(39:57 / All) WNxPureLuck: yeah
(39:59 / All) WNxPureLuck: imma
(39:59 / All) WNxPureLuck: af
(40:00 / All) WNxPureLuck: afk
(54:07 / All) BEAR_AND: :)
(56:43 / All) WNxnamtaR: you guys come up with this on your own
(56:46 / All) BEAR_AND: yep
(56:52 / All) evil_pengoon: my dad taught it to me
(56:56 / All) evil_pengoon: its been passed down
(56:59 / All) evil_pengoon: for generation
(57:03 / All) evil_pengoon: ssssssssssss
(57:09 / All) WNxnamtaR: you gonna hit our main?
(57:16 / All) BEAR_AND: hahhahaha u see..
(57:23 / All) evil_pengoon: after you go afk in about 2 hours lol
(57:27 / All) WNxnamtaR: lol
(57:34 / All) WNxnamtaR: well one of us went to sleep
(58:10 / All) WNxnamtaR: out of gold?
(58:14 / All) BEAR_AND: i have 7k actually
(58:18 / All) WNxnamtaR: or do you have a mine up there off the map?
(58:19 / All) WNxnamtaR: =P
(58:52 / All) BEAR_AND: hahaha green had 2 mills
(58:55 / All) BEAR_AND: you guys are horrible
(63:59 / All) BEAR_AND: my longest game is 18 hours
(64:03 / All) BEAR_AND: want to break that record
(80:23 / All) BEAR_AND: bwahahahhahaha
(85:24 / All) BEAR_AND: bwahahahah ha
(103:23 / All) BEAR_AND: wahahahhahaha gg